 Dungeon Crawl Stone Soup version 0.16.1-25-gbcee3f8 (webtiles) character file.

39 sqallbeste the Caller (level 3, -2/24 HPs)
             Began as a Mummy Summoner on May 22, 2015.
             Slain by a hobgoblin
             ... wielding a +0 club
             ... led by Robin
              (4 damage)
             ... on level 3 of the Dungeon.
             The game lasted 00:17:05 (2125 turns).

sqallbeste the Caller (Mummy Summoner)              Turns: 2125, Time: 00:17:05

Health: -2/24      AC:  3    Str: 11    XL:     3   Next: 28%
Magic:  2/6        EV: 12    Int: 15    God:
Gold:   63         SH:  0    Dex: 12    Spells: 3 memorised, 1 level left

rFire  x . .     SeeInvis .     g - +0 short sword
rCold  + . .     Clarity  .     a - +0 robe
rNeg   + + +     SustAb   .     (no shield)
rPois  ∞         Gourm    .     (no helmet)
rElec  .         Spirit   .     (no cloak)
rCorr  .         Warding  .     (no gloves)
rMut   .         Stasis   .     f - +0 pair of boots
MR     .....                    (no amulet)
Stlth  ++........               (no ring)
                                (no ring)

@: not resistant to hostile enchantments, unstealthy
A: no food or potions, fire vulnerability, restore body, cold resistance 1,
negative energy resistance 3, poison resistance, torment resistance, unbreathing
a: no special abilities


You were on level 3 of the Dungeon.
You were not hungry.

You visited 1 branch of the dungeon, and saw 3 of its levels.

You collected 63 gold pieces.

Inventory:

Hand weapons
 e - a +0 club
 g - a +0 short sword (weapon)
Missiles
 d - 28 stones (quivered)
 k - 2 javelins
Armour
 a - a +0 robe (worn)
 f - a +0 pair of boots (worn)
 h - a +0 ring mail
 j - a +0 robe
Scrolls
 i - a scroll of identify
 l - a scroll of remove curse
Potions
 c - a potion of agility {unknown}
Books
 b - a book of Callings

   Spells                             Type                      Level
   a - Summon Small Mammal            Summoning                    1
   b - Call Imp                       Summoning                    2
   c - Call Canine Familiar           Summoning                    3
   d - Summon Guardian Golem          Hexes/Summoning              4
   e - Summon Lightning Spire         Summoning/Air                4
   f - Summon Ice Beast               Ice/Summoning                4


   Skills:
 + Level 1.7 Dodging
 + Level 1.5 Stealth
 + Level 2.7 Spellcasting
 * Level 3.7 Summonings


You had one spell level left.
You knew the following spells:

 Your Spells              Type           Power        Failure   Level  Hunger
a - Summon Small Mammal   Summ           ##..         6%          1    N/A
b - Call Imp              Summ           ##......     10%         2    N/A
c - Call Canine Familiar  Summ           ##......     17%         3    N/A

Dungeon Overview and Level Annotations

Branches:
Dungeon (3/15)

Altars:

Annotations:
D:3 Robin


Innate Abilities, Weirdness & Mutations

You do not eat or drink.
Your flesh is vulnerable to fire.
Your flesh is cold resistant.
You are immune to negative energy.
Your system is resistant to poisons.
You are immune to unholy pain and torment.
You can survive without breathing.


Message History

The bat hits you but does no damage. The bat barely misses you.
The hobgoblin misses you.
You completely miss the bat. The bat hits you but does no damage.
The hobgoblin misses you.
You hit the bat but do no damage. The bat hits you but does no damage.
The bat barely misses you. The hobgoblin closely misses you.
You closely miss the bat. The bat barely misses you.
You hit the hobgoblin but do no damage. The hobgoblin hits you with a club.
The hobgoblin hits you with a club.
You hit the hobgoblin.
The hobgoblin is heavily wounded.
The hobgoblin hits you but does no damage.
The hobgoblin hits you with a club!
* * * LOW HITPOINT WARNING * * *
You completely miss the hobgoblin.
The hobgoblin is heavily wounded.
The hobgoblin hits you with a club.
* * * LOW HITPOINT WARNING * * *
The hobgoblin hits you with a club.
You die...

.....†......r#####
............gg...#
.............###.#
.............# #.#
....####.....# #g#
............## #r#
............# #K#
...#####..!.#
#g######### ....
...... #@gb.<....#
...... #########.#
.#


You could see 2 hobgoblins, a goblin, a bat, a kobold and a rat.

Vanquished Creatures
  4 goblins
  A rat (D:1)
5 creatures vanquished.

Vanquished Creatures (collateral kills)
  An adder (D:2)
  A worm (D:2)
  A giant gecko (D:2)
  6 bats
  A giant cockroach (D:1)
  8 goblins
  5 hobgoblins
  7 kobolds
  3 giant newts
  2 rats (D:1)
35 creatures vanquished.

Vanquished Creatures (others)
  A shadow imp (D:2)
  A white imp (D:2)
  2 quokkas
  7 bats
  13 rats
24 creatures vanquished.

Grand Total: 64 creatures vanquished

Notes
Turn   | Place    | Note
--------------------------------------------------------------
     0 | D:1      | sqallbeste, the Mummy Summoner, began the quest for the Orb.
     0 | D:1      | Reached XP level 1. HP: 13/13 MP: 3/3
   357 | D:1      | Reached XP level 2. HP: 16/19 MP: 1/4
   363 | D:1      | Learned a level 2 spell: Call Imp
  1606 | D:2      | Reached XP level 3. HP: 24/24 MP: 0/6
  1614 | D:2      | Learned a level 3 spell: Call Canine Familiar
  1846 | D:3      | Noticed Robin
  2125 | D:3      | Slain by a hobgoblin

Action                   || total
-------------------------++-------
Melee: Unarmed           ||     7
       Short sword       ||    18
Throw: Stone             ||     7
 Cast: Summon Small Mamm ||    87
       Call Imp          ||     8
       Call Canine Famil ||     5
  Use: Scroll            ||     3
